NCAA
AUBURN TIGERS @ UTAH UTES
05/18/2024
 
TOP OF THE 1ST
Auburn Tigers batting - Pitching for Utah Utes : RHP Reynaldo Franco
Pitching: RHP Reynaldo Franco
Batting: RHB John Zimmerman 0-0: Called Strike
0-1: Swinging Strike
0-2: Strikes out swinging
Batting: RHB Artie Frye 0-0: Called Strike
0-1: Called Strike
0-2: Ball
1-2: Foul Ball, location: 2F
1-2: Foul Ball, location: 2F
1-2: Foul Ball, location: 2F
1-2: Strikes out swinging
Batting: LHB Edison Snyder 0-0: Ball
1-0: Fly out, F9 (Flyball, 9M)
Top of the 1st over - 0 run(s), 0 hit(s), 0 error(s), 0 left on base; Auburn 0 - Utah 0
BOTTOM OF THE 1ST
Utah Utes batting - Pitching for Auburn Tigers : RHP Tim Cameron
Pitching: RHP Tim Cameron
Batting: RHB Todd Oliver 0-0: Ball
1-0: Swinging Strike
1-1: Foul Ball, location: 2F
1-2: Foul Ball, location: 2F
1-2: Foul Ball, location: 2F
1-2: Strikes out swinging
Batting: RHB Hunter Plunket 0-0: Foul Ball, location: 2F
0-1: Ball
1-1: SINGLE (Line Drive, 3D)
Batting: LHB Felipe Valino 0-0: Ball
1-0: Ball
2-0: Called Strike
2-1: Ball
3-1: Ground out 4-3 (Groundball, 34S)
Hunter Plunket to second
Batting: LHB Max Hoskins 0-0: Ground out 1-3 (Groundball, 15)
Bottom of the 1st over - 0 run(s), 1 hit(s), 0 error(s), 1 left on base; Auburn 0 - Utah 0
TOP OF THE 2ND
Auburn Tigers batting - Pitching for Utah Utes : RHP Reynaldo Franco
Batting: RHB Jeff Jones 0-0: Called Strike
0-1: Swinging Strike
0-2: Ball
1-2: Ball
2-2: Ground out 1-3 (Groundball, 15S)
Batting: RHB Doyle O'Dell 0-0: Ball
1-0: Called Strike
1-1: Ball
2-1: Ball
3-1: Called Strike
3-2: Strikes out swinging
Batting: SHB Tim Campbell 0-0: Called Strike
0-1: Fly out, F4 (Popup, 4MD)
Top of the 2nd over - 0 run(s), 0 hit(s), 0 error(s), 0 left on base; Auburn 0 - Utah 0
BOTTOM OF THE 2ND
Utah Utes batting - Pitching for Auburn Tigers : RHP Tim Cameron
Batting: LHB Phil Cantrell 0-0: Ball
1-0: Foul Ball, location: 2F
1-1: Ball
2-1: Foul Ball, location: 2F
2-2: Ball
3-2: Ground out U3 (Groundball, 3)
Batting: LHB William Butler 0-0: TRIPLE (Line Drive, 8RM)
Batting: SHB George Wilder 0-0: Called Strike
0-1: Fly out, F8 (Flyball, 8LM)
Runner from 3rd tags up, SCORES, throw made
Batting: RHB Leon Heath 0-0: Ball
1-0: Ball
2-0: Called Strike
2-1: Hit by Pitch
Batting: SHB Lewis Woods 0-0: Ball
1-0: Fly out, F8 (Flyball, 8LS)
Bottom of the 2nd over - 1 run(s), 1 hit(s), 0 error(s), 1 left on base; Auburn 0 - Utah 1
TOP OF THE 3RD
Auburn Tigers batting - Pitching for Utah Utes : RHP Reynaldo Franco
Batting: RHB Ángelo Young 0-0: Foul Ball, location: 2F
0-1: Fly out, F8 (Flyball, 8LM)
Batting: RHB António Martínez 0-0: Ball
1-0: Ball
2-0: Foul Ball, location: 2F
2-1: Called Strike
2-2: Strikes out swinging
Batting: RHB Jody Díaz 0-0: Ball
1-0: Foul Ball, location: 2F
1-1: Foul Ball, location: 2F
1-2: Ball
2-2: Strikes out looking
Top of the 3rd over - 0 run(s), 0 hit(s), 0 error(s), 0 left on base; Auburn 0 - Utah 1
BOTTOM OF THE 3RD
Utah Utes batting - Pitching for Auburn Tigers : RHP Tim Cameron
Batting: RHB Todd Oliver 0-0: Ball
1-0: Ball
2-0: Foul Ball, location: 2F
2-1: Ball
3-1: Foul Ball, location: 2F
3-2: Reached on error, E6 (Groundball, 6)
Batting: RHB Hunter Plunket 0-0: Ball
1-0: Called Strike
Todd Oliver steals 2nd base
1-1: Ball
2-1: Ball
3-1: Called Strike
3-2: Base on Balls
Batting: LHB Felipe Valino 0-0: Ball
1-0: Ball
2-0: Called Strike
2-1: Called Strike
Todd Oliver steals 3rd base
Hunter Plunket to second
2-2: Foul Ball, location: 2F
2-2: Foul Ball, location: 2F
2-2: Ball
3-2: Foul Ball, location: 2F
3-2: Base on Balls
Batting: LHB Max Hoskins 0-0: Ball
1-0: Swinging Strike
1-1: Fly out, F8 (Popup, 6MD)
Batting: LHB Phil Cantrell 0-0: Ball
1-0: Foul Ball, location: 2F
1-1: Called Strike
1-2: Ball
2-2: Strikes out swinging
Batting: LHB William Butler 0-0: Swinging Strike
0-1: Foul Ball, location: 2F
0-2: Ball
1-2: Ground out U3 (Groundball, 3L)
Bottom of the 3rd over - 0 run(s), 0 hit(s), 1 error(s), 3 left on base; Auburn 0 - Utah 1
TOP OF THE 4TH
Auburn Tigers batting - Pitching for Utah Utes : RHP Reynaldo Franco
Batting: RHB John Zimmerman 0-0: Ball
1-0: Foul Ball, location: 2F
1-1: Foul Ball, location: 2F
1-2: Ball
2-2: Foul Ball, location: 2F
2-2: Ground out 6-3 (Groundball, 6)
Batting: RHB Artie Frye 0-0: DOUBLE (Flyball, 78M)
Batting: LHB Edison Snyder 0-0: Called Strike
0-1: Ball
1-1: Fly out, F5 (Popup, 5F)
Batting: RHB Jeff Jones 0-0: Ball
1-0: Called Strike
1-1: Called Strike
1-2: Foul Ball, location: 2F
1-2: 2-RUN HOME RUN (Flyball, 78XD), Distance : 438 ft
Batting: RHB Doyle O'Dell 0-0: Ball
1-0: Fly out, F9 (Flyball, 89M)
Top of the 4th over - 2 run(s), 2 hit(s), 0 error(s), 0 left on base; Auburn 2 - Utah 1
BOTTOM OF THE 4TH
Utah Utes batting - Pitching for Auburn Tigers : RHP Tim Cameron
Batting: SHB George Wilder 0-0: Called Strike
0-1: Foul Ball, location: 2F
0-2: Ball
1-2: Ball
2-2: Ground out 1-3 (Groundball, 13)
Batting: RHB Leon Heath 0-0: Fly out, F3 (Popup, 3SF)
Batting: SHB Lewis Woods 0-0: Ball
1-0: Ball
2-0: Ball
3-0: Base on Balls
Batting: RHB Todd Oliver 0-0: Ball
1-0: Ball
2-0: Foul Ball, location: 2F
2-1: Called Strike
2-2: Ball
3-2: Ground out 6-3 (Groundball, 6)
Bottom of the 4th over - 0 run(s), 0 hit(s), 0 error(s), 1 left on base; Auburn 2 - Utah 1
TOP OF THE 5TH
Auburn Tigers batting - Pitching for Utah Utes : RHP Reynaldo Franco
Batting: SHB Tim Campbell 0-0: Ball
1-0: Ball
2-0: Ball
3-0: Base on Balls
Batting: RHB Ángelo Young 0-0: Fly out, F2 (Popup, 2L)
Batting: RHB António Martínez 0-0: Ball
1-0: Called Strike
1-1: Ball
2-1: Ball
3-1: Called Strike
3-2: Fly out, F8 (Flyball, 8LM)
Batting: RHB Jody Díaz 0-0: Ball
1-0: Foul Ball, location: 2F
1-1: Foul Ball, location: 2F
1-2: Ball
2-2: Foul Ball, location: 2F
2-2: Foul Ball, location: 2F
2-2: Foul Ball, location: 2F
2-2: Strikes out swinging
Top of the 5th over - 0 run(s), 0 hit(s), 0 error(s), 1 left on base; Auburn 2 - Utah 1
BOTTOM OF THE 5TH
Utah Utes batting - Pitching for Auburn Tigers : RHP Tim Cameron
Batting: RHB Hunter Plunket 0-0: Ground out 5-3 (Groundball, 5L)
Pitching: RHP Eddy Jackson
Batting: LHB Felipe Valino 0-0: Called Strike
0-1: Ball
1-1: SOLO HOME RUN (Flyball, 9LD), Distance : 372 ft
Batting: LHB Max Hoskins 0-0: Foul Ball, location: 2F
0-1: Foul Ball, location: 2F
0-2: Ball
1-2: Ground out 4-3 (Groundball, 34)
Batting: LHB Phil Cantrell 0-0: Ball
1-0: Ball
2-0: Ball
3-0: Base on Balls
Batting: LHB William Butler 0-0: Ball
Phil Cantrell steals 2nd base
1-0: Ball
2-0: Called Strike
2-1: Ball
3-1: Base on Balls
Batting: SHB George Wilder 0-0: Ball
1-0: Called Strike
1-1: Called Strike
1-2: Strikes out looking
Bottom of the 5th over - 1 run(s), 1 hit(s), 0 error(s), 2 left on base; Auburn 2 - Utah 2
TOP OF THE 6TH
Auburn Tigers batting - Pitching for Utah Utes : RHP Reynaldo Franco
Batting: RHB John Zimmerman 0-0: Ball
1-0: Swinging Strike
1-1: Swinging Strike
1-2: SINGLE (Groundball, 6MD) (infield hit)
Batting: RHB Artie Frye 0-0: Called Strike
0-1: Swinging Strike
0-2: Ball
1-2: Foul Ball, location: 2F
1-2: Strikes out swinging
Batting: LHB Edison Snyder 0-0: Ball
1-0: Called Strike
1-1: Ball
2-1: Ball
3-1: Fly out, F2 (Popup, 25F)
Batting: RHB Jeff Jones 0-0: Ball
1-0: Ball
2-0: Ball
3-0: Called Strike
3-1: Called Strike
3-2: Foul Ball, location: 2F
3-2: Strikes out swinging
Top of the 6th over - 0 run(s), 1 hit(s), 0 error(s), 1 left on base; Auburn 2 - Utah 2
BOTTOM OF THE 6TH
Utah Utes batting - Pitching for Auburn Tigers : RHP Eddy Jackson
Batting: RHB Leon Heath 0-0: Called Strike
0-1: Ball
1-1: SINGLE (Line Drive, 4MD)
Batting: SHB Lewis Woods 0-0: Ball
1-0: Ball
2-0: Ball
3-0: Called Strike
3-1: Fly out, F8 (Flyball, 8RS)
Batting: RHB Todd Oliver 0-0: Called Strike
0-1: Grounds into double play, 1-6-3 (Groundball, 15)
Bottom of the 6th over - 0 run(s), 1 hit(s), 0 error(s), 0 left on base; Auburn 2 - Utah 2
TOP OF THE 7TH
Auburn Tigers batting - Pitching for Utah Utes : RHP Reynaldo Franco
Batting: RHB Doyle O'Dell 0-0: Ball
1-0: Swinging Strike
1-1: Fly out, F9 (Flyball, 9S)
Pitching: RHP Joe King
Batting: SHB Tim Campbell 0-0: Called Strike
0-1: Ball
1-1: Swinging Strike
1-2: Ground out 1-3 (Groundball, 13S)
Batting: RHB Ángelo Young 0-0: Called Strike
0-1: Reached on error, E5 (Groundball, 5S)
Batting: RHB António Martínez 0-0: Called Strike
Ángelo Young is caught stealing 2nd base
Top of the 7th over - 0 run(s), 0 hit(s), 1 error(s), 0 left on base; Auburn 2 - Utah 2
BOTTOM OF THE 7TH
Utah Utes batting - Pitching for Auburn Tigers : RHP Eddy Jackson
Batting: RHB Hunter Plunket 0-0: Called Strike
0-1: Foul Ball, location: 2F
0-2: Strikes out swinging
Pitching: LHP Reynaldo Adame
Batting: LHB Felipe Valino 0-0: Foul Ball, location: 2F
0-1: Ground out U3 (Groundball, 3L)
Batting: LHB Max Hoskins 0-0: Ball
1-0: Ball
2-0: Foul Ball, location: 2F
2-1: Called Strike
2-2: Ball
3-2: Base on Balls
Batting: LHB Phil Cantrell 0-0: Fly out, F4 (Line Drive, 4)
Bottom of the 7th over - 0 run(s), 0 hit(s), 0 error(s), 1 left on base; Auburn 2 - Utah 2
TOP OF THE 8TH
Auburn Tigers batting - Pitching for Utah Utes : RHP Joe King
Batting: RHB António Martínez 0-0: Ball
1-0: Ball
2-0: Foul Ball, location: 2F
2-1: Ball
3-1: Base on Balls
Batting: RHB Jody Díaz 0-0: Bunted foul
0-1: Sac Bunt - play at first, batter OUT! 2-4
António Martínez to second
Batting: RHB John Zimmerman 0-0: Intentional Walk
Batting: RHB Artie Frye 0-0: Ball
1-0: Ball
2-0: Called Strike
2-1: Foul Ball, location: 2F
2-2: Grounds into double play, 6-4-3 (Groundball, 6)
Top of the 8th over - 0 run(s), 0 hit(s), 0 error(s), 1 left on base; Auburn 2 - Utah 2
BOTTOM OF THE 8TH
Utah Utes batting - Pitching for Auburn Tigers : LHP Reynaldo Adame
Batting: LHB William Butler 0-0: Ball
1-0: Ball
2-0: Foul Ball, location: 2F
2-1: Ball
3-1: Base on Balls
Batting: SHB George Wilder 0-0: Ball
1-0: Grounds into double play, 5-4-3 (Groundball, 5)
Batting: RHB Leon Heath 0-0: Ball
1-0: Ball
2-0: Ball
3-0: Called Strike
3-1: Foul Ball, location: 2F
3-2: Fly out, F8 (Flyball, 8LM)
Bottom of the 8th over - 0 run(s), 0 hit(s), 0 error(s), 0 left on base; Auburn 2 - Utah 2
TOP OF THE 9TH
Auburn Tigers batting - Pitching for Utah Utes : RHP Joe King
Pitching: LHP Michael George
Batting: LHB Edison Snyder 0-0: Ball
1-0: Called Strike
1-1: Foul Ball, location: 2F
1-2: Strikes out looking
Batting: RHB Jeff Jones 0-0: Ball
1-0: Ball
2-0: Swinging Strike
2-1: Foul Ball, location: 2F
2-2: Ball
3-2: Base on Balls
Batting: RHB Doyle O'Dell 0-0: Ball
1-0: Foul Ball, location: 2F
1-1: Swinging Strike
1-2: Strikes out looking
Batting: SHB Tim Campbell 0-0: Called Strike
0-1: Ground out 3-1 (Groundball, 34)
Top of the 9th over - 0 run(s), 0 hit(s), 0 error(s), 1 left on base; Auburn 2 - Utah 2
BOTTOM OF THE 9TH
Utah Utes batting - Pitching for Auburn Tigers : LHP Reynaldo Adame
Batting: SHB Lewis Woods 0-0: Ball
1-0: SOLO HOME RUN (Flyball, 7D), Distance : 402 ft
This league is powered by Out of the Park Baseball, the baseball management simulation game for PC, Mac and Linux
Saturday, April 9th, 2016 - OOTP Baseball 16.8 Build 38